 Dungeon Crawl Stone Soup version 0.29-a0-830-gcb1280458a (webtiles) character file.

Game seed: 11795977581500712441

78 LynnLen the Sneak (level 4, -3/25 HPs)
             Began as a Vampire Enchanter on July 11, 2022.
             Slain by an ogre (10 damage)
             ... on level 5 of the Dungeon.
             The game lasted 00:06:21 (2286 turns).

LynnLen the Sneak (Vampire Enchanter)               Turns: 2286, Time: 00:06:21

Health: -3/25      AC:  3    Str:  7    XL:     4   Next: 15%
Magic:  2/7        EV: 12    Int: 17    God:
Gold:   86         SH:  0    Dex: 16    Spells: 1/7 levels left

rFire   . . .      SeeInvis +   b - +3 dagger (drain)
rCold   + + .      Faith    .   (no shield)
rNeg    + + +      Spirit   .   d - +0 leather armour
rPois   ∞          Reflect  .   (no helmet)
rElec   .          Harm     .   (no cloak)
rCorr   .          Rampage  .   (no gloves)
Will    .....                   (no boots)
Stlth   +++++.....              (no amulet)
HPRegen 0.00/turn               (no ring)
MPRegen 0.10/turn               (no ring)

@: bloodless, inhibited regen
A: bloodless, fangs 3, see invisible, vampiric 2
a: Bat Form, Revivify


You were on level 5 of the Dungeon.
You visited 1 branch of the dungeon, and saw 4 of its levels.

You collected 86 gold pieces.

Inventory:

Hand Weapons
 b - a +3 dagger of draining (weapon)
Missiles
 f - 25 stones (quivered)
Armour
 d - a +0 leather armour (worn)
 o - the +5 ring mail of Eternal Vigilance {Harm +Blink}
   (You found it on level 2 of the Dungeon)

   +Blink:    It lets you blink.
   Harm:      It increases damage dealt and taken.
Jewellery
 q - an amulet of faith
Scrolls
 a - a scroll of identify
 i - 2 scrolls of teleportation
 j - a scroll of enchant weapon
Potions
 c - 2 potions of invisibility
 e - a potion of attraction {unknown}
 g - a potion of haste
 h - a potion of might
 k - a potion of magic {unknown}
 l - a potion of ambrosia {unknown}
 m - a potion of resistance {unknown}


   Skills:
 * Level 1.2 Fighting
 * Level 2.4 Short Blades
 + Level 2.6 Dodging
 + Level 6.0 Stealth
 - Level 2.0 Spellcasting
 - Level 4.4 Hexes


You had one spell level left.
You knew the following spells:

 Your Spells              Type           Power      Damage    Failure   Level
a - Confusing Touch       Hex            16%        N/A       14%         3
b - Tukima's Dance        Hex            16%        N/A       14%         3

Your spell library contained the following spells:

 Spells                   Type           Power      Damage    Failure   Level
 Slow                     Hex            64%        N/A       4%          1
 Ensorcelled Hibernation  Hex/Ice        18%        N/A       19%         2
 Dazzling Flash           Conj/Hex       18%        N/A       34%         3
 Frozen Ramparts          Ice            2%         1d2       65%         3
 Vampiric Draining        Necr           1%         2d6       65%         3
 Ice Form                 Ice/Tmut       1%         N/A       96%         4
 Summon Ice Beast         Ice/Summ       1%         N/A       96%         4


Dungeon Overview and Level Annotations

Branches:
Dungeon (3/15)

Altars:


Innate Abilities, Weirdness & Mutations

You do not regenerate when monsters are visible.
You are frail without blood (-20% HP).
You can heal yourself when you bite living creatures.
You are immune to poison.
You have razor-sharp teeth.
You have supernaturally acute eyesight. (SInv)
You are afflicted with vampirism and can become a bat while bloodless.


Message History

You puncture the iguana! You bite the iguana, but do no damage.
The iguana is almost dead.
The iguana closely misses you.
You hit the iguana.
You kill the iguana!
Your Stealth skill increases to level 6!
You have reached level 4!
This spell is quite dangerous to cast!
Memorise Tukima's Dance, consuming 3 spell levels and leaving 1?
You start memorising the spell.
You continue memorising. x3
You finish memorising.
Spell assigned to 'b'.
You see here an iguana corpse.
Casting: Confusing Touch (quite dangerous; 14% risk of failure)
Confirm with . or Enter, or press ? or * to list all spells.
Okay, then.
No other quiver actions available for cycling.
No other quiver actions available for cycling.
Okay, then.
Casting: Confusing Touch (quite dangerous; 14% risk of failure)
Confirm with . or Enter, or press ? or * to list all spells.
The spell is quite dangerous to miscast (14% risk of failure)!
Continue anyway?
Aiming: Tukima's Dance (quite dangerous; 14% risk of failure)
Press: ? - help, Shift-Dir - straight line, f - ogre
Aim: an ogre, wielding a +0 giant club (asleep, chance to affect: 50%)
The ogre shouts!
The +0 giant club dances into the air!
Found 13 stones.
The ogre hits you but does no damage.
You hit the ogre but do no damage. The ogre barely misses you.
You barely miss the ogre. You closely miss the ogre. The ogre hits you!!
Ouch! That really hurt!
* * * LOW HITPOINT WARNING * * *
You hit the ogre.
The ogre is lightly wounded.
Your +0 giant club hits the ogre!
You hit the ogre.
The ogre is severely wounded.
The ogre hits you!
You die...

.....(.(.......
#....................
#....................
##.....#..............
##......#..............
##..............(...$...
#...............O.......
#...............@#
#.....†..........#
#................#
#................#
#................#
##..............##
##.....##.....##
##############


You could see an ogre (ally target) and a friendly +0 giant club.

Vanquished Creatures
  An iguana (D:5)
  An adder (D:2)
  A dart slug (D:1)
  6 bats
  4 endoplasms
  2 giant cockroaches
  5 goblins
  3 hobgoblins
  A kobold (D:2)
  2 quokkas (D:1)
  3 ball pythons
  3 frilled lizards (D:1)
  7 rats (D:1)
39 creatures vanquished.

Vanquished Creatures (others)
  2 fungi (D:2)
  3 plants (D:2)
5 creatures vanquished.

Grand Total: 44 creatures vanquished

Notes
Turn   | Place    | Note
-------+----------+-------------------------------------------
     0 | D:1      | LynnLen the Vampire Enchanter began the quest for the Orb.
     0 | D:1      | Reached XP level 1. HP: 13/13 MP: 3/3
   451 | D:1      | Reached XP level 2. HP: 16/16 MP: 5/5
   871 | D:1      | Reached skill level 5 in Stealth
  1191 | D:1      | Reached skill level 1 in Fighting
  1477 | D:2      | Gained mutation: You are afflicted with vampirism and can
                  | become a bat while bloodless. [Vampire growth]
  1477 | D:2      | Reached XP level 3. HP: 20/20 MP: 6/6
  1918 | D:2      | Identified the +5 ring mail of Eternal Vigilance {Harm
                  | +Blink}
  2093 | D:2      | Found a faded altar of an unknown god.
  2225 | D:3      | You fall into a shaft and drop 2 floors!
  2225 | D:5      | Entered Level 5 of the Dungeon
  2229 | D:5      | Noticed an ogre
  2259 | D:5      | Learned a level 3 spell: Confusing Touch
  2263 | D:5      | Reached skill level 6 in Stealth
  2263 | D:5      | Reached XP level 4. HP: 25/25 MP: 3/7
  2267 | D:5      | Learned a level 3 spell: Tukima's Dance
  2286 | D:5      | Slain by an ogre

Illustrated notes

Levels and vault maps discovered:
D:1:      dpeg_arrival_short_road, layout_basic
D:2:      layout_loops_ring, shapermc_ecumenical_altar_petra
D:3:      layout_rooms, tgw_xom
D:5:      layout_rooms, amcnicky_altar_gilded

Skill      XL: |  1  2  3 |
---------------+----------+-----
Stealth        | 5 6 |  6.0
Fighting       | 1 |  1.2
Short Blades   | 2 |  2.4
Dodging        | |  2.6
Spellcasting   | |  2.0
Hexes          | |  4.4

Action                   |  1- 3 |  4- 6 || total
-------------------------+-------+-------++-------
Melee: Dagger            |    97 |     5 ||   102
       Bite              |     5 |       ||     5
 Cast: Confusing Touch   |     1 |       ||     1
       Tukima's Dance    |       |     1 ||     1
 Abil: Exsanguinate      |     1 |       ||     1
  Use: Scroll            |     9 |       ||     9
 Stab: Sleeping          |    17 |       ||    17
       Confused          |     1 |       ||     1
Armor: Leather armour    |    13 |     1 ||    14
Dodge: Dodged            |    60 |     1 ||    61

Table legend: (Time is in decaauts)
 A = Elapsed time spent in this place.
 B = Non-inter-level travel time spent in this place.
 C = Inter-level travel time spent in this place.
 D = Time resting spent in this place.
 E = Time spent auto-exploring this place.
 F = Levels seen in this place.
 G = Mean time per level.
                   A        B        C        D        E       F      G
               +--------+--------+--------+--------+--------+-----+--------+
         Total |   2277 |   2277 |      0 |      0 |   1537 |   4 |  569.2 |
       Dungeon |   2277 |   2277 |      0 |      0 |   1537 |   4 |  569.2 |
               +--------+--------+--------+--------+--------+-----+--------+

Top non-repeatable levels by time:
     D:1: 1458 daAuts
     D:2: 704 daAuts
     D:5: 60 daAuts
     D:3: 54 daAuts
